 Dungeon Crawl Stone Soup version 0.30-a0-782-ge64f9170bb (webtiles) character file.

Game seed: 4983387590712207454

59 theswoord the Twirler (level 3, 0/27 HPs)
             Began as a Demonspawn Gladiator on Mar 12, 2023.
             Slain by an orc
             ... wielding a +0 hand axe
              (3 damage)
             ... on level 3 of the Dungeon.
             The game lasted 00:02:02 (1800 turns).

theswoord the Twirler (Demonspawn Gladiator)        Turns: 1800, Time: 00:02:03

Health: 0/27       AC:  3    Str: 16    XL:     3   Next: 78%
Magic:  3/3        EV: 12    Int:  9    God:
Gold:   47         SH:  0    Dex: 14    Spells: 2/2 levels left

rFire   . . .      SeeInvis .    a - +0 quarterstaff
rCold   . . .      Faith    .    (shield currently unavailable)
rNeg    . . .      Spirit   .    b - +0 leather armour
rPois   .          Reflect  .    (helmet restricted)
rElec   .          Harm     .    (no cloak)
rCorr   .          Rampage  .    (no gloves)
Will    .....                    (no boots)
Stlth   +                        (no amulet)
HPRegen 0.24/turn                (no ring)
MPRegen 0.08/turn                (no ring)

@: no status effects
A: horns 1, foul stench 1
a: no special abilities


You were on level 3 of the Dungeon.
You visited 1 branch of the dungeon, and saw 3 of its levels.

You collected 47 gold pieces.

Inventory:

Hand Weapons
 a - a +0 quarterstaff (weapon)
Missiles
 d - 3 throwing nets (quivered)
 e - a javelin
Armour
 b - a +0 leather armour (worn)
 c - a +0 helmet
Jewellery
 k - a ring of ice
Scrolls
 f - a scroll of summoning
 j - 4 scrolls of identify
 m - a scroll of fear {unknown}
 n - a scroll of torment {unknown}
Potions
 g - a potion of mutation
 h - a potion of might {unknown}
 i - a potion of magic {unknown}
 l - 2 potions of curing {unknown}


   Skills:
 - Level 2.0 Fighting
 + Level 4.3 Staves
 - Level 1.7 Throwing
 - Level 2.6 Dodging


You had 2 spell levels left.
You didn't know any spells.
Your spell library was empty.

Dungeon Overview and Level Annotations

Branches:
Dungeon (3/15)

Altars:


Innate Abilities, Weirdness & Mutations

You have a pair of small horns on your head.
You may rarely emit foul miasma when damaged in melee.


Message History

You see here a +0 barding.
Found a short sword.
You see here a +0 short sword. 2 orcs come into view.
Found 8 gold pieces. 2 orcs and an orc priest come into view.
The orc shouts!
The orc priest shouts!
The orc shouts! x2
You hit the orc. You headbutt the orc.
You kill the orc!
The orc priest looks encouraged for a moment.
You barely miss the orc. Your headbutt misses the orc.
The orc barely misses you. The orc hits you with a +0 hand axe.
You hit the orc but do no damage. The orc hits you with a +0 whip.
The orc hits you with a +0 hand axe.
You hit the orc. The orc misses you.
You hit the orc. The orc hits you with a +0 hand axe.
You hit the orc. The orc completely misses you.
The orc priest looks satisfied for a moment.
The orc misses you.
You sock the orc!
You kill the orc!
The orc barely misses you.
You hit the orc.
You kill the orc!
The orc closely misses you.
The orc priest miscasts a cantrip.
You closely miss the orc. The orc closely misses you.
You barely miss the orc priest. The orc hits you with a +0 hand axe.
The orc priest hits you with a +0 whip.
* * * LOW HITPOINT WARNING * * *
The orc hits you but does no damage. The orc priest hits you with a +0 whip.
* * * LOW HITPOINT WARNING * * *
You closely miss the orc priest. You headbutt the orc priest.
The orc priest hits you with a +0 whip.
* * * LOW HITPOINT WARNING * * *
The orc hits you with a +0 hand axe.
* * * LOW HITPOINT WARNING * * *
You closely miss the orc priest. You headbutt the orc priest.
The orc hits you with a +0 hand axe.
You die...

###### #....# #.##.#
#.##.# #.##.# #####
###.#..# #..).
..#.#.## #.###
#########.#...# #.# #
#...$o@.#.#...# #.# #
#....o#.#.#...# #[# #
#####.#.#.#...#####.#
# ..#.#.#.........# #
...#...###..########
..#.##...............
#.......#.....########
..............#
...#####.#####


You could see an orc priest and an orc.

Vanquished Creatures
  An adder (D:2)
  A worm (D:2)
  A dart slug (D:1)
  3 orcs (D:3)
  3 bats
  5 endoplasms
  7 giant cockroaches
  A goblin (D:1)
  2 hobgoblins (D:2)
  4 ball pythons
  2 frilled lizards
  4 kobolds
  2 rats (D:2)
36 creatures vanquished.

Vanquished Creatures (collateral kills)
  An endoplasm (D:2)
  A goblin (D:2)
2 creatures vanquished.

Grand Total: 38 creatures vanquished

Notes
Turn   | Place    | Note
-------+----------+-------------------------------------------
     0 | D:1      | theswoord the Demonspawn Gladiator began the quest for the
                  | Orb.
     0 | D:1      | Reached XP level 1. HP: 16/16 MP: 1/1
   201 | D:1      | Reached skill level 3 in Staves
   225 | D:1      | Gained mutation: You have a pair of small horns on your
                  | head. [demonic ancestry]
   225 | D:1      | Reached XP level 2. HP: 18/22 MP: 2/2
  1131 | D:2      | Reached skill level 4 in Staves
  1131 | D:2      | Gained mutation: You may rarely emit foul miasma when
                  | damaged in melee. [demonic ancestry]
  1131 | D:2      | Reached XP level 3. HP: 23/27 MP: 3/3
  1800 | D:3      | Slain by an orc

Skill      XL: |  1  2 |
---------------+-------+-----
Staves         | 3 4 |  4.3
Fighting       | |  2.0
Throwing       | |  1.7
Dodging        | |  2.6

Action                     || total
---------------------------++-------
  Melee: Quarterstaff      ||    75
         Headbutt          ||    10
    Use: Scroll            ||     2
   Stab: Sleeping          ||     1
 Armour: Leather armour    ||     8
  Dodge: Dodged            ||    54

Levels and vault maps discovered:
D:1:      dpeg_arrival_line_fractal, layout_basic, minmay_worlds_worst_comb
D:2:      layout_basic, minmay_misc_feat_four_crosses
D:3:      layout_basic
